AoeStats
← varunalur2879

Black Forest

508125101Analyzed
4v4 RM · 13d ago on Sep 21, 2026· 56m 16s· 8 players
Game mode
Random Map
Map size
Large (8 player)
Population
200
Speed
Normal
Resources
Standard
Victory
Conquest
Starting age
Dark Age
Ending age
Imperial Age
RankedLock teamsTeams togetherTeam positionsShared explorationLock speedFull tech treeHidden civsTurbo modeCheats
Victory
Defeat
🇵🇪 Persians · Peru
1341
+11
🇮🇳 Mongols · India
1324
+11
🇵🇾 Burgundians · Paraguay
1303
+12
🇵🇪 Italians · Peru
1230
+16
🇺🇸 Bohemians · United States
1263
-14
🇯🇵 Mongols · Japan
1234
-13
🇨🇱 Slavs · Chile
1203
-12
🇦🇷 Japanese · Argentina
1173
-11
yo_ChuckDeezy
1:02 Loom
11:36 Feudal Age
15:07 Castle Age
13:40 Double-Bit Axe
13:39 Horse Collar
16:54 Fervor
17:36 Heavy Plow
18:49 Sanctity
18:55 Loom
24:10 Wheelbarrow
26:12 Hand Cart
27:40 Bow Saw
31:54 Imperial Age
30:32 Wagenburg Tactics
31:31 Chemistry
30:42 Fletching
31:26 Town Watch
31:55 Bodkin Arrow
33:00 Conscription
32:03 Elite Hussite Wagon
32:50 Bracer
32:51 Padded Archer Armor
34:50 Siege Engineers
35:25 Leather Archer Armor
34:46 Houfnice
36:38 Hussite Reforms
37:41 Block Printing
38:38 Two-Man Saw
38:22 Ring Archer Armor
39:23 Illumination
39:35 Theocracy
39:12 Redemption
55:20 Caravan
Gengis_Kush
10:42 Feudal Age
11:31 Town Watch
13:02 Loom
16:12 Castle Age
14:46 Double-Bit Axe
14:46 Horse Collar
18:09 Bow Saw
20:08 Wheelbarrow
24:47 Fletching
25:43 Hand Cart
26:02 Heavy Plow
29:20 Imperial Age
27:20 Gold Mining
27:21 Stone Mining
27:39 Scale Mail Armor
27:48 Scale Barding Armor
28:32 Forging
28:37 Pikeman
30:04 Chain Barding Armor
30:20 Iron Casting
30:33 Conscription
30:36 Capped Ram
31:17 Elite Boyar
32:27 Bodkin Arrow
34:10 Ballistics
35:49 Siege Ram
37:20 Plate Barding Armor
38:38 Gold Shaft Mining
39:11 Blast Furnace
38:25 Bloodlines
38:16 Husbandry
47:38 Hoardings
48:02 Heavy Scorpion
ICAC
0:49 Loom
11:10 Feudal Age
15:20 Castle Age
13:37 Double-Bit Axe
17:07 Horse Collar
19:13 Fishing Lines
22:16 Gillnets
30:23 Imperial Age
28:59 Scale Mail Armor
29:09 Forging
31:03 Chain Mail Armor
31:23 Iron Casting
30:43 Man-at-Arms
31:46 Conscription
31:26 Long Swordsman
31:52 Gambesons
32:07 Squires
31:52 Arson
31:28 Pikeman
32:55 Plate Mail Armor
32:44 Heavy Plow
32:09 Two-Handed Swordsman
32:56 Halberdier
32:56 Champion
34:19 Bow Saw
35:21 Blast Furnace
38:28 Coinage
39:33 Banking
42:24 Fortified Wall
41:56 Treadmill Crane
42:39 Town Watch
44:12 Ballistics
44:53 Chemistry
sada-aki
10:56 Loom
13:12 Feudal Age
13:53 Double-Bit Axe
17:14 Castle Age
18:07 Bow Saw
18:42 Horse Collar
26:23 Caravan
30:23 Imperial Age
29:28 Wheelbarrow
30:22 Ballistics
31:15 Hand Cart
32:04 Chemistry
31:38 Drill
31:04 Heavy Scorpion
31:32 Capped Ram
32:34 Siege Engineers
33:04 Gold Mining
33:04 Siege Ram
35:17 Coinage
34:38 Onager
37:11 Banking
varunalur2879
11:48 Feudal Age
12:41 Double-Bit Axe
12:53 Stone Mining
12:51 Horse Collar
15:22 Castle Age
16:02 Fishing Lines
17:59 Bow Saw
19:12 Heavy Plow
21:12 Wheelbarrow
22:22 Gold Mining
25:00 Hand Cart
27:59 Imperial Age
26:01 Fletching
26:23 Thumb Ring
26:13 Loom
27:39 Stone Shaft Mining
27:42 Gold Shaft Mining
27:48 Ballistics
27:25 Bodkin Arrow
27:31 Padded Archer Armor
28:44 Bracer
29:48 Chemistry
29:18 Capped Ram
30:09 Siege Engineers
31:03 Leather Archer Armor
31:02 Masonry
32:09 Coinage
31:40 Caravan
32:14 Conscription
32:17 Bloodlines
32:08 Husbandry
33:20 Parthian Tactics
32:55 Murder Holes
33:27 Drill
32:31 Siege Ram
35:43 Banking
39:37 Elite Mangudai
51:49 Heavy Scorpion
Marlok
1:12 Loom
11:46 Feudal Age
15:58 Castle Age
14:44 Double-Bit Axe
16:06 Stone Mining
17:16 Bow Saw
21:26 Horse Collar
26:57 Imperial Age
27:06 Imperial Age
25:01 Heavy Plow
25:21 Gold Mining
26:41 Fletching
27:30 Ballistics
29:33 Chemistry
29:47 Wheelbarrow
32:07 Crop Rotation
32:56 Two-Man Saw
32:36 Conscription
32:12 Bodkin Arrow
32:49 Padded Archer Armor
33:50 Hand Cart
35:23 Crossbowman
36:05 Bracer
36:21 Leather Archer Armor
35:53 Arbalester
38:20 Thumb Ring
39:28 Capped Ram
44:59 Elite Skirmisher
46:20 Ring Archer Armor
45:51 Scale Mail Armor
46:01 Forging
46:21 Pikeman
46:50 Town Watch
47:58 Chain Mail Armor
50:11 Bloodlines
49:21 Light Cavalry
51:07 Hussar
54:18 Onager
55:15 Scale Barding Armor
DANICW82
0:40 Loom
13:38 Feudal Age
13:02 Double-Bit Axe
13:51 Horse Collar
18:41 Castle Age
17:44 Bow Saw
17:57 Heavy Plow
21:06 Wheelbarrow
22:42 Gold Mining
22:47 Stone Mining
26:57 Caravan
28:40 Gold Shaft Mining
29:07 Two-Man Saw
32:58 Imperial Age
30:47 Hand Cart
33:34 Husbandry
34:22 Fletching
34:34 Padded Archer Armor
34:44 Forging
35:42 Chemistry
35:02 Ballistics
35:07 Conscription
34:53 Burgundian Vineyards
34:15 Elite Skirmisher
35:35 Bodkin Arrow
chr0rk
11:52 Feudal Age
16:21 Castle Age
14:43 Double-Bit Axe
17:36 Bow Saw
18:17 Horse Collar
23:20 Wheelbarrow
22:55 Heavy Plow
24:07 Stone Mining
24:26 Scale Barding Armor
24:09 Loom
25:03 Gold Mining
26:17 Hand Cart
26:04 Town Watch
26:31 Forging
29:50 Imperial Age
29:58 Imperial Age
30:11 Imperial Age
27:58 Caravan
28:52 Gold Shaft Mining
28:38 Chain Barding Armor
29:42 Iron Casting
30:57 Stone Shaft Mining
31:29 Two-Man Saw
31:00 Crop Rotation
31:38 Chemistry
31:06 Bloodlines
30:57 Husbandry
30:48 Elite War Elephant
32:04 Plate Barding Armor
32:29 Conscription
35:27 Blast Furnace
47:31 Hoardings
47:36 Fletching
48:13 Light Cavalry
48:50 Bodkin Arrow
48:50 Hussar
54:13 Town Patrol
54:44 Coinage
Connection lost

Rejoining the realm…

Still unreachable

The connection could not be restored.

Session expired

The server has moved on; the page needs a fresh start.